General information
- name: BNet
- type: Ladder 1vs1/FFA
- host: Battle.net
- saver: LORD_KAMAKAZIE
map: LostTemple
- players: 2
- length: 46:28
- speed: Fast
- version: 1.23 W3XP
- replay type: Public
» download(160 KB)
Players
team 1 (loser)
GrubbyismyBITC (
green | 102 APM | 4721 actions | 46:27)
7 Far Seer
3 Feral Spirit
3 Chain Lighting
1 Earth Quake
5 Shadow Hunter
3 Healing Wave
2 Hex
» actions
| Assign group hotkey | 31 | |
| Basic commands | 231 | |
| Build / train | 82 | |
| ESC pressed | 7 | |
| Enter build submenu | 32 | |
| Enter hero's abilities submenu | 15 | |
| Give item / drop item | 3 | |
| Right click | 2041 | |
| Select / deselect | 817 | |
| Select group hotkey | 1258 | |
| Use ability | 204 | |
4721 total
» units
| Peon | 13 | |
| Grunt | 8 | |
| Demolisher | 9 | |
| Spirit Walker | 2 | |
| Raider | 2 | |
| Troll Batrider | 7 | |
| Troll Headhunter/Berserker | 5 | |
46 total
» upgrades
| Ensnare | 1 | |
| Armor | 2 | |
| Berserker Strength | 1 | |
| Shaman Training | 1 | |
| Ranged Weapons | 2 | |
7 total
» buildings
| Altar of Storms | 5 | |
| Orc Burrow | 7 | |
| Barracks | 3 | |
| Voodoo Lounge | 1 | |
| Stronghold | 3 | |
| War Mill | 1 | |
| Beastiary | 2 | |
| Spirit Lodge | 1 | |
| Fortress | 3 | |
| Great Hall | 4 | |
| Watch Tower | 3 | |
33 total
» build order
00:06 Altar of Storms
00:17 Orc Burrow
00:52 Barracks
01:32 Orc Burrow
02:44 Orc Burrow
03:19 Voodoo Lounge
03:20 Stronghold
05:31 War Mill
05:42 Beastiary
05:45 Spirit Lodge
07:22 Orc Burrow
11:37 Orc Burrow
11:38 Orc Burrow
11:39 Orc Burrow
12:37 Barracks
16:57 Fortress
19:07 Great Hall
20:42 Great Hall
24:11 Stronghold
26:17 Barracks
27:22 Great Hall
30:39 Watch Tower
30:40 Watch Tower
31:38 Beastiary
33:50 Fortress
35:48 Great Hall
36:20 Altar of Storms
37:34 Watch Tower
38:42 Altar of Storms
39:09 Altar of Storms
40:46 Altar of Storms
» items
| Lesser Clarity Potion | 2 | |
| Potion of Mana | 2 | |
| Orb of Lightning | 1 | |
| Potion of Healing | 1 | |
6 total
team 2 (winner)
LORD_KAMAKAZIE (
purple | 79 APM | 3675 actions | 46:28)
5 Blood Mage
3 Flame Strike
2 Siphon Mana
4 Mountain King
2 Storm Bolt
2 Bash
» actions
| Assign group hotkey | 48 | |
| Basic commands | 50 | |
| Build / train | 179 | |
| ESC pressed | 1 | |
| Enter build submenu | 80 | |
| Enter hero's abilities submenu | 9 | |
| Give item / drop item | 1 | |
| Remove unit from queue | 1 | |
| Right click | 1966 | |
| Select / deselect | 548 | |
| Select group hotkey | 581 | |
| Use ability | 211 | |
3675 total
» units
| Peasant | 35 | |
| Sorceress | 5 | |
| Mortar Team | 7 | |
| Spell Breaker | 3 | |
| Dragonhawk Rider | 7 | |
| Footman | 9 | |
| Rifleman | 1 | |
| Knight | 1 | |
| Gryphon Rider | 2 | |
70 total
» upgrades
| Masonry | 2 | |
| Sorceress Training | 1 | |
| Magic Sentry | 1 | |
| Gunpowder | 2 | |
| Flare | 1 | |
| Defend | 1 | |
| Armor | 1 | |
| Plating | 1 | |
10 total
» buildings
| Altar of Kings | 2 | |
| Farm | 17 | |
| Scout Tower | 58 | |
| Lumber Mill | 2 | |
| Arcane Tower | 4 | |
| Guard Tower | 54 | |
| Arcane Vault | 2 | |
| Keep | 4 | |
| Blacksmith | 2 | |
| Arcane Sanctum | 2 | |
| Town Hall | 1 | |
| Workshop | 2 | |
| Castle | 4 | |
| Gryphon Aviary | 2 | |
| Barracks | 1 | |
157 total
» build order
00:05 Altar of Kings
00:24 Farm
00:26 Farm
00:30 Scout Tower
00:54 Lumber Mill
01:35 Arcane Tower
01:36 Arcane Tower
01:47 Scout Tower
02:00 Scout Tower
02:20 Guard Tower
02:20 Guard Tower
02:28 Arcane Vault
02:33 Guard Tower
02:34 Guard Tower
02:50 Scout Tower
02:56 Scout Tower
03:02 Farm
03:23 Guard Tower
03:23 Guard Tower
03:27 Guard Tower
03:27 Guard Tower
03:55 Keep
04:19 Scout Tower
04:23 Scout Tower
04:24 Scout Tower
04:57 Scout Tower
04:59 Scout Tower
05:00 Scout Tower
05:02 Scout Tower
05:05 Scout Tower
05:12 Scout Tower
05:14 Scout Tower
05:15 Scout Tower
05:16 Scout Tower
05:18 Scout Tower
05:24 Guard Tower
05:25 Guard Tower
05:34 Guard Tower
05:34 Guard Tower
06:13 Guard Tower
06:13 Guard Tower
06:59 Guard Tower
07:00 Guard Tower
07:02 Scout Tower
07:03 Scout Tower
07:05 Scout Tower
07:07 Scout Tower
07:08 Scout Tower
07:18 Scout Tower
07:19 Scout Tower
07:21 Scout Tower
07:22 Scout Tower
07:23 Scout Tower
07:24 Scout Tower
07:34 Blacksmith
07:37 Arcane Sanctum
07:38 Arcane Sanctum
07:45 Guard Tower
07:58 Guard Tower
07:58 Guard Tower
08:03 Guard Tower
08:04 Guard Tower
08:05 Guard Tower
08:10 Scout Tower
08:11 Scout Tower
08:12 Scout Tower
08:18 Scout Tower
08:20 Scout Tower
08:20 Scout Tower
08:25 Guard Tower
08:38 Guard Tower
08:38 Guard Tower
09:01 Guard Tower
09:01 Guard Tower
09:25 Guard Tower
09:33 Scout Tower
09:34 Scout Tower
09:36 Scout Tower
09:38 Scout Tower
09:39 Scout Tower
09:41 Scout Tower
09:53 Guard Tower
10:26 Guard Tower
10:26 Guard Tower
10:50 Guard Tower
10:50 Guard Tower
11:00 Farm
11:01 Farm
11:03 Farm
11:03 Farm
11:14 Guard Tower
12:23 Town Hall
12:58 Scout Tower
12:59 Scout Tower
13:36 Guard Tower
13:37 Guard Tower
13:50 Workshop
13:51 Workshop
18:11 Scout Tower
18:11 Scout Tower
18:12 Scout Tower
18:13 Scout Tower
18:15 Scout Tower
18:43 Guard Tower
18:43 Guard Tower
18:58 Guard Tower
18:58 Guard Tower
19:49 Guard Tower
20:22 Castle
20:22 Castle
22:45 Altar of Kings
24:14 Gryphon Aviary
24:49 Gryphon Aviary
24:57 Arcane Vault
25:28 Farm
25:28 Farm
25:52 Barracks
26:51 Farm
26:52 Farm
26:54 Farm
27:18 Blacksmith
28:24 Keep
29:07 Farm
29:09 Farm
29:10 Farm
29:11 Farm
30:29 Scout Tower
30:29 Scout Tower
30:31 Scout Tower
30:32 Scout Tower
30:33 Scout Tower
30:34 Scout Tower
30:40 Lumber Mill
31:09 Arcane Tower
31:10 Arcane Tower
31:48 Guard Tower
31:48 Guard Tower
32:29 Castle
32:29 Castle
33:03 Farm
33:11 Scout Tower
33:12 Scout Tower
33:13 Scout Tower
33:14 Scout Tower
33:44 Guard Tower
33:44 Guard Tower
33:47 Guard Tower
33:48 Guard Tower
34:24 Guard Tower
» items
| Boots of Speed | 1 | |
| Staff of Teleportation | 1 | |
| Lesser Clarity Potion | 2 | |
| Potion of Mana | 3 | |
| Scroll of Town Portal | 2 | |
| Scroll of Regeneration | 2 | |
| Potion of Healing | 2 | |
13 total
Chat log
(06:56 / All) LORD_KAMAKAZIE: WHY DO YOU CHEAT I HATE YOU
(25:17 / All) GrubbyismyBITC: fucking cunt
(25:19 / All) GrubbyismyBITC: gtfo
(25:22 / All) LORD_KAMAKAZIE: SHUTUP I HATE YOU
(41:45 / All) GrubbyismyBITC: FUCKING CHEATER
(41:51 / All) LORD_KAMAKAZIE: SHUTUP I HATE YOU
(41:54 / All) LORD_KAMAKAZIE: NO MANNER
(44:26 / All) LORD_KAMAKAZIE: STUPID ORCESES
(44:28 / All) LORD_KAMAKAZIE: HAHAHA